 Dungeon Crawl Stone Soup version 0.29.1-12-g30fa7ad0bf (webtiles) character file.

Game seed: 3696205981461917290

803 xzight the Grasshopper (level 7, 0/56 HPs)
             Began as a Gnoll Warper on Dec 28, 2022.
             Was an Initiate of Gozag.
             Succumbed to a scorpion's poison
             ... on level 5 of the Dungeon.
             The game lasted 00:08:42 (6939 turns).

xzight the Grasshopper (Gnoll Warper)               Turns: 6939, Time: 00:08:42

Health: 0/56       AC:  8    Str: 10    XL:     7   Next: 91%
Magic:  15/15      EV: 11    Int: 15    God:    Gozag
Gold:   378        SH:  0    Dex: 11    Spells: 15/17 levels left

rFire   . . .      SeeInvis .   a - +0 mace
rCold   . . .      Faith    .   (no shield)
rNeg    . . .      Spirit   .   j - +0 ring mail
rPois   .          Reflect  .   o - +0 helmet
rElec   .          Harm     .   (no cloak)
rCorr   .          Rampage  .   i - +0 pair of gloves
Will    .....                   (no boots)
Stlth   +.........              (no amulet)
HPRegen 0.18/turn               (no ring)
MPRegen 0.14/turn               (no ring)

@: mighty, lethally poisoned (0 -> -16), gold aura
A: fangs 1, strong nose, distributed training
a: Renounce Religion, Potion Petition, Call Merchant, Bribe Branch


You were on level 5 of the Dungeon.
You worshipped Gozag.
Gozag was aware of your devotion.
You visited 1 branch of the dungeon, and saw 5 of its levels.

You collected 416 gold pieces.
You paid 38 gold pieces to Gozag.


Innate Abilities, Weirdness & Mutations

You have very sharp teeth.
Your uncanny sense of smell can sniff out nearby items.
Your experience applies equally to all skills.


   Skills:
 + Level 5.4 Fighting
 + Level 2.9 Short Blades
 + Level 2.9 Long Blades
 + Level 2.9 Axes
 + Level 5.4 Maces & Flails
 + Level 2.9 Polearms
 + Level 2.9 Staves
 + Level 2.9 Ranged Weapons
 + Level 3.9 Throwing
 + Level 3.9 Armour
 + Level 5.4 Dodging
 + Level 2.9 Stealth
 + Level 2.9 Shields
 + Level 2.9 Unarmed Combat
 + Level 5.8 Spellcasting
 + Level 2.3 Conjurations
 + Level 2.3 Hexes
 + Level 2.3 Summonings
 + Level 2.3 Necromancy
 + Level 6.0 Translocations
 + Level 2.3 Transmutations
 + Level 2.3 Fire Magic
 + Level 2.3 Ice Magic
 + Level 2.3 Air Magic
 + Level 2.3 Earth Magic
 + Level 2.3 Poison Magic
 + Level 3.2 Invocations
 + Level 2.9 Evocations


You had 15 spell levels left.
You knew the following spells:

 Your Spells              Type           Power      Damage    Failure   Level
a - Blink                 Tloc           44%        N/A       4%          2

Your spell library contained the following spells:

 Spells                   Type           Power      Damage    Failure   Level
 Gell's Gravitas          Tloc           22%        N/A       10%         3
 Lesser Beckoning         Tloc           22%        N/A       10%         3
 Teleport Other           Tloc           22%        N/A       10%         3
 Slow                     Hex            44%        N/A       14%         1
 Confusing Touch          Hex            11%        N/A       38%         3
 Vampiric Draining        Necr           11%        2d6       38%         3
 Manifold Assault         Tloc           22%        N/A       65%         5

Inventory:

Hand Weapons
 a - a +0 mace (weapon)
Missiles
 d - 7 boomerangs of dispersal {=f}
 q - 3 boomerangs (quivered)
 x - 2 silver boomerangs
Armour
 i - a +0 pair of gloves (worn)
 j - a +0 ring mail (worn)
 n - a +0 scale mail
 o - a +0 helmet (worn)
Jewellery
 I - a +6 ring of intelligence
Scrolls
 c - 3 scrolls of blinking
 f - 2 scrolls of enchant weapon {unknown}
 h - 2 scrolls of butterflies {unknown}
 k - a scroll of magic mapping {unknown}
 m - 3 scrolls of teleportation {unknown}
 r - a scroll of torment {unknown}
 s - 2 scrolls of fear {unknown}
 w - 2 scrolls of identify {@r1}
Potions
 b - a potion of invisibility {unknown}
 e - 2 potions of attraction
 g - a potion of might
 l - a potion of brilliance {unknown}
 p - a potion of cancellation {unknown}
 t - a potion of haste {unknown}
 u - 2 potions of heal wounds {unknown}
 v - a potion of flight {unknown}

Dungeon Overview and Level Annotations

Branches:
Dungeon (5/15)
 Temple: D:4-7

Altars:
Ashenzari
Gozag

#.░.........░...
#.░░░░░.░░░░░...#
#.......>........
#.######.######...##
#.................
#.#############.##
#.# ∆#.# #@#
#$s...... ....#####
####.# !# .# #


You could see a scorpion.


Message History

You hit the centaur. You bite the centaur, but do no damage.
The centaur is severely wounded.
You feel sick.
The centaur hits you but does no damage.
The centaur barely misses you. The scorpion closely misses you.
The centaur hits you.
* * * LOW HITPOINT WARNING * * *
The centaur kicks you but does no damage.
You feel very mighty all of a sudden.
You feel sick. The centaur closely misses you.
The centaur kicks you but does no damage.
The scorpion stings you.
* * * LOW HITPOINT WARNING * * *
You are lethally poisoned!
The scorpion poisons you!
You closely miss the centaur.
The centaur is heavily wounded.
* * * LOW HITPOINT WARNING * * *
You feel very sick. The centaur hits you.
* * * LOW HITPOINT WARNING * * *
The centaur kicks you but does no damage.
The scorpion barely misses you. The centaur hits you.
* * * LOW HITPOINT WARNING * * *
The centaur kicks you but does no damage.
Okay, then.
You sock the centaur! You bite the centaur.
You kill the centaur!
You die...
Your body crumbles into a pile of gold.

Skill      XL: |  1  2  3  4  5  6  7 |
---------------+----------------------+-----
Spellcasting   | 5 |  5.8
Invocations    | 1 2 3 |  3.2
Short Blades   | 1 2 |  2.9
Long Blades    | 1 2 |  2.9
Axes           | 1 2 |  2.9
Polearms       | 1 2 |  2.9
Staves         | 1 2 |  2.9
Ranged Weapons | 1 2 |  2.9
Stealth        | 1 2 |  2.9
Shields        | 1 2 |  2.9
Unarmed Combat | 1 2 |  2.9
Evocations     | 1 2 |  2.9
Conjurations   | 1 2 |  2.3
Hexes          | 1 2 |  2.3
Summonings     | 1 2 |  2.3
Necromancy     | 1 2 |  2.3
Transmutations | 1 2 |  2.3
Fire Magic     | 1 2 |  2.3
Ice Magic      | 1 2 |  2.3
Air Magic      | 1 2 |  2.3
Earth Magic    | 1 2 |  2.3
Poison Magic   | 1 2 |  2.3
Throwing       | 3 |  3.9
Armour         | 3 |  3.9
Fighting       | 5 |  5.4
Maces & Flails | 5 |  5.4
Dodging        | 5 |  5.4
Translocations | 6 |  6.0

Action                   |  1- 3 |  4- 6 |  7- 9 || total
-------------------------+-------+-------+-------++-------
Melee: Mace              |   126 |   230 |   179 ||   535
       Bite              |    10 |    23 |    26 ||    59
       Punch             |       |     4 |     4 ||     8
Throw: Boomerang         |       |     2 |       ||     2
  Use: Scroll            |       |     3 |       ||     3
       Potion            |       |       |     3 ||     3
Armor: Leather armour    |    11 |       |       ||    11
       Ring mail         |    21 |    92 |    91 ||   204
Dodge: Dodged            |    64 |   134 |   116 ||   314

Levels and vault maps discovered:
D:1:      minmay_arrival_checkered_box, layout_loops_ring,
          chequers_serial_rivers_small_b, wander_ebering_terrifying_dragon_lair
D:2:      layout_basic, ebering_ecumenical_altar_webs
D:3:      layout_loops_ring, uniq_terence
D:4:      layout_basic, mainiacjoe_overflow_boulevard
D:5:      minmay_angry_zag, layout_basic, nicolae_overflow_crystal_walls,
          nicolae_concentric_dashed_squares_mild, kennysheep_generic_room_16

Notes
Turn   | Place    | Note
-------+----------+-------------------------------------------
     0 | D:1      | xzight the Gnoll Warper began the quest for the Orb.
     0 | D:1      | Reached XP level 1. HP: 20/20 MP: 6/6
   183 | D:1      | Reached XP level 2. HP: 26/26 MP: 7/7
   586 | D:1      | Reached skill level 5 in Spellcasting
   586 | D:1      | Reached XP level 3. HP: 28/31 MP: 7/9
   897 | D:1      | Reached skill level 1 in Invocations
  1407 | D:2      | Found a faded altar of an unknown god.
  1677 | D:2      | Reached skill level 1 in Short Blades
  1677 | D:2      | Reached skill level 1 in Long Blades
  1677 | D:2      | Reached skill level 1 in Axes
  1677 | D:2      | Reached skill level 1 in Polearms
  1677 | D:2      | Reached skill level 1 in Staves
  1677 | D:2      | Reached skill level 1 in Ranged Weapons
  1677 | D:2      | Reached skill level 1 in Stealth
  1677 | D:2      | Reached skill level 1 in Shields
  1677 | D:2      | Reached skill level 1 in Unarmed Combat
  1677 | D:2      | Reached skill level 1 in Evocations
  1804 | D:2      | Reached XP level 4. HP: 24/38 MP: 11/11
  1975 | D:2      | Reached skill level 1 in Conjurations
  1975 | D:2      | Reached skill level 1 in Hexes
  1975 | D:2      | Reached skill level 1 in Summonings
  1975 | D:2      | Reached skill level 1 in Necromancy
  1975 | D:2      | Reached skill level 1 in Transmutations
  1975 | D:2      | Reached skill level 1 in Fire Magic
  1975 | D:2      | Reached skill level 1 in Ice Magic
  1975 | D:2      | Reached skill level 1 in Air Magic
  1975 | D:2      | Reached skill level 1 in Earth Magic
  1975 | D:2      | Reached skill level 1 in Poison Magic
  2544 | D:2      | Reached XP level 5. HP: 26/43 MP: 12/12
  2910 | D:3      | Noticed Terence
  2922 | D:3      | Killed Terence
  2923 | D:3      | Reached skill level 3 in Throwing
  2923 | D:3      | Reached skill level 3 in Armour
  4046 | D:4      | Found an opulent altar of Gozag.
  4069 | D:4      | Reached skill level 2 in Invocations
  4069 | D:4      | Reached XP level 6. HP: 26/50 MP: 13/13
  4230 | D:4      | Became a worshipper of Gozag Ym Sagoz the Greedy
  4497 | D:4      | Reached skill level 5 in Fighting
  4497 | D:4      | Reached skill level 5 in Maces & Flails
  4497 | D:4      | Reached skill level 5 in Dodging
  4505 | D:4      | Reached skill level 2 in Short Blades
  4505 | D:4      | Reached skill level 2 in Long Blades
  4505 | D:4      | Reached skill level 2 in Axes
  4505 | D:4      | Reached skill level 2 in Polearms
  4505 | D:4      | Reached skill level 2 in Staves
  4505 | D:4      | Reached skill level 2 in Ranged Weapons
  4505 | D:4      | Reached skill level 2 in Stealth
  4505 | D:4      | Reached skill level 2 in Shields
  4505 | D:4      | Reached skill level 2 in Unarmed Combat
  4505 | D:4      | Reached skill level 2 in Evocations
  5045 | D:4      | Reached XP level 7. HP: 32/56 MP: 15/15
  5891 | D:5      | Entered Level 5 of the Dungeon
  5920 | D:5      | Reached skill level 2 in Conjurations
  5920 | D:5      | Reached skill level 2 in Hexes
  5920 | D:5      | Reached skill level 2 in Summonings
  5920 | D:5      | Reached skill level 2 in Necromancy
  5920 | D:5      | Reached skill level 2 in Transmutations
  5920 | D:5      | Reached skill level 2 in Fire Magic
  5920 | D:5      | Reached skill level 2 in Ice Magic
  5920 | D:5      | Reached skill level 2 in Air Magic
  5920 | D:5      | Reached skill level 2 in Earth Magic
  5920 | D:5      | Reached skill level 2 in Poison Magic
  6077 | D:5      | Reached skill level 3 in Invocations
  6233 | D:5      | HP: 4/56 [quokka (2)]
  6616 | D:5      | Learned a level 2 spell: Blink
  6737 | D:5      | Found a broken altar of Ashenzari.
  6751 | D:5      | Reached skill level 6 in Translocations
  6938 | D:5      | HP: 3/56 [centaur (3)]
  6939 | D:5      | Succumbed to a scorpion's poison

Vanquished Creatures
  A centaur (D:5)
  A bullfrog (D:4)
  4 scorpions
  5 hounds
  An orc priest (D:5)
  Terence (D:3)
  An iguana (D:5)
  6 gnolls
  10 adders
  2 white imps (D:5)
  2 worms
  A dart slug (D:1)
  6 orcs
  4 bats
  11 endoplasms
  A giant cockroach (D:1)
  9 goblins
  7 hobgoblins
  6 jackals
  7 quokkas
  11 ball pythons
  3 frilled lizards
  9 kobolds
  9 rats
118 creatures vanquished.

Table legend: (Time is in decaauts)
 A = Elapsed time spent in this place.
 B = Non-inter-level travel time spent in this place.
 C = Inter-level travel time spent in this place.
 D = Time resting spent in this place.
 E = Time spent auto-exploring this place.
 F = Levels seen in this place.
 G = Mean time per level.
                   A        B        C        D        E       F      G
               +--------+--------+--------+--------+--------+-----+--------+
         Total |   7028 |   6915 |    113 |   1636 |   3938 |   5 | 1405.6 |
       Dungeon |   7028 |   6915 |    113 |   1636 |   3938 |   5 | 1405.6 |
               +--------+--------+--------+--------+--------+-----+--------+

Top non-repeatable levels by time:
     D:4: 1912 daAuts
     D:1: 1481 daAuts
     D:2: 1405 daAuts
     D:3: 1163 daAuts
     D:5: 1065 daAuts

Table legend:
 A = Non-vault XP
 B = Vault XP
 C = Vault XP percentage of total XP
 D = Non-vault monster count
 E = Vault monster count
 F = Vault count percentage of total count
                 A         B        C        D         E       F
            +---------+---------+-------+---------+---------+-------
      Total |    1014 |     244 |  19.4 |     108 |      10 |   8.5
            +---------+---------+-------+---------+---------+-------
        D:1 |      52 |       1 |   1.9 |      31 |       1 |   3.1
        D:2 |     115 |       0 |   0.0 |      28 |       0 |   0.0
        D:3 |      55 |      36 |  39.6 |      16 |       1 |   5.9
        D:4 |     428 |       0 |   0.0 |      21 |       0 |   0.0
        D:5 |     364 |     207 |  36.3 |      12 |       8 |  40.0
            +---------+---------+-------+---------+---------+-------
